 Dungeon Crawl Stone Soup version 0.28-a0-1387-g3a22ab9bdc (webtiles) character file.

Game seed: 7549084906679253076

184 Deminshera the Shield-Bearer (level 5, -9/28 HPs)
             Began as a Vine Stalker Fighter on Jan 2, 2022.
             Killed by divine providence
             ... invoked by an orc priest
              (13 damage)
             ... on level 3 of the Dungeon.
             The game lasted 00:02:14 (2178 turns).

Deminshera the Shield-Bearer (Vine Stalker Fighter) Turns: 2178, Time: 00:02:14

Health: -9/28      AC:  6    Str: 20    XL:     5   Next: 64%
Magic:  0/6        EV:  9    Int:  8    God:
Gold:   58         SH:  5    Dex: 14    Spells: 4/4 levels left

rFire   . . .      SeeInvis .   a - +0 rapier
rCold   . . .      Faith    .   c - +0 buckler
rNeg    . . .      Spirit   +   b - +0 scale mail
rPois   .          Reflect  .   (no helmet)
rElec   .          Harm     .   (no cloak)
rCorr   .          Rampage  .   (no gloves)
Will    .....                   (no boots)
Stlth   +.........              (no amulet)
HPRegen 0.89/turn               (no ring)
MPRegen 0.10/turn               (no ring)

@: no status effects
A: fangs 2, regeneration 1, magic shield, antimagic bite, no potion heal 2
a: no special abilities


You were on level 3 of the Dungeon.
You visited 1 branch of the dungeon, and saw 3 of its levels.

You collected 58 gold pieces.

Inventory:

Hand Weapons
 a - a +0 rapier (weapon)
 j - a +0 dagger of holy wrath
Armour
 b - a +0 scale mail (worn)
 c - a +0 buckler (worn)
Jewellery
 m - a ring of resist corrosion
Wands
 n - a wand of charming (4)
Scrolls
 e - 3 scrolls of teleportation {unknown}
 f - a scroll of identify {unknown}
 k - a scroll of vulnerability {unknown}
 o - a scroll of enchant armour {unknown}
 p - a scroll of noise {unknown}
Potions
 d - a potion of might
 g - 2 potions of lignification {unknown}
 h - a potion of magic {unknown}
 i - 2 potions of degeneration {unknown}
 l - a potion of curing {unknown}


   Skills:
 + Level 3.5 Fighting
 + Level 2.7 Short Blades
 - Level 2.4 Armour
 + Level 2.8 Stealth
 - Level 4.0 Shields


You had 4 spell levels left.
You didn't know any spells.
Your spell library contained the following spells:

 Spells                   Type           Power      Damage    Failure   Level
 Ensorcelled Hibernation  Hex/Ice        0%         N/A       88%         2
 Confusing Touch          Hex            0%         N/A       98%         3
 Tukima's Dance           Hex            0%         N/A       98%         3
 Yara's Violent Unravell  Hex/Tmut       0%         3d3       100%        5
 Enfeeble                 Hex            0%         N/A       100%        7


Dungeon Overview and Level Annotations

Branches:
Dungeon (3/15)

Altars:


Innate Abilities, Weirdness & Mutations

You have extremely sharp teeth.
Your natural rate of healing is unusually fast.
When hurt, damage is shared between your health and your magic reserves.
Your bite disrupts and absorbs the magic of your enemies.
Potions cannot restore your health.


Message History

The orc priest closely misses you.
You barely miss the orc priest. You bite the orc priest.
You kill the orc priest!
You hit the kobold.
You kill the kobold!
You barely miss the orc. Your bite misses the orc. The orc closely misses you.
You hit the orc. You bite the orc. You drain its power.
The orc is almost dead.
The orc hits you with a +0 short sword.
The orc priest begins to cast a cantrip, but forgets the words!
You puncture the orc!
You kill the orc!
The orc priest casts a cantrip, but nothing happens.
You puncture the orc!
You kill the orc!
The orc priest invokes the aid of Beogh against you.
Beogh smites you! You block the orc priest's attack.
Items here: ( )))) [[[ †.
You hit the orc priest. Your bite misses the orc priest.
The orc priest is moderately wounded.
The orc priest completely misses you.
The orc priest miscasts a cantrip.
You barely miss the orc priest.
The orc priest mumbles some strange prayers to Beogh against you.
Pain shoots through your body!
The orc priest calls down the wrath of Beogh upon you.
Pain shoots through your body!
* * * LOW HITPOINT WARNING * * *
You puncture the orc priest!
The orc priest is heavily wounded.
The orc priest hits you with a +0 dagger.
* * * LOW HITPOINT WARNING * * *
The orc priest barely misses you.
You closely miss the orc priest. You bite the orc priest. You drain its power.
You feel invigorated.
The orc priest is heavily wounded.
The orc priest calls down the wrath of Beogh upon you.
Beogh smites you!
You die...

#####.### #o..#
## ###.## .# ###
#..### .### ..
##...##... #.
###..#.# ..
##...###### #
##oo.....#
##@#####..
..##### ##..##.##
#......
#####...#...##
######
#.....#.#.#..#
####....
#.#####...##.#
#.......
######.###
#..###.# #..#####
#........#
#...##.####..##
#........#
#.#..#........##
#........#
#.##.####.##...##


You could see 2 orc priests.

Vanquished Creatures
  An orc priest (D:3)
  Jessica (D:2)
  An orc wizard (D:3)
  An adder (D:3)
  2 worms (D:2)
  4 dart slugs (D:1)
  5 orcs (D:3)
  9 ball pythons
  8 bats
  11 endoplasms
  3 giant cockroaches
  2 hobgoblins
  2 jackals (D:1)
  7 kobolds
  4 frilled lizards
  5 goblins
  7 rats
73 creatures vanquished.

Notes
Turn   | Place    | Note
-------+----------+-------------------------------------------
     0 | D:1      | Deminshera the Vine Stalker Fighter began the quest for the
                  | Orb.
     0 | D:1      | Reached XP level 1. HP: 11/11 MP: 2/2
   188 | D:1      | Reached XP level 2. HP: 16/16 MP: 3/3
   242 | D:1      | Reached skill level 3 in Shields
   280 | D:1      | Reached skill level 1 in Stealth
   497 | D:1      | Reached XP level 3. HP: 17/19 MP: 4/4
   933 | D:1      | Found a faded altar of an unknown god.
  1196 | D:2      | Noticed Jessica
  1213 | D:2      | Killed Jessica
  1214 | D:2      | Gained mutation: Your natural rate of healing is unusually
                  | fast. [Vine Stalker growth]
  1214 | D:2      | Reached XP level 4. HP: 10/24 MP: 2/5
  1891 | D:3      | Reached XP level 5. HP: 17/28 MP: 3/6
  2146 | D:3      | Reached skill level 4 in Shields
  2178 | D:3      | Killed from afar by an orc priest

Illustrated notes

Levels and vault maps discovered:
D:1:      scummos_arrival_hexagon, layout_loops_corners,
          nicolae_ecumenical_snake_handling
D:2:      layout_basic, serial_bayou_crossing, uniq_jessica
D:3:      layout_rooms, minmay_goblin_kobold_house

Skill      XL: |  1  2  3  4  5 |
---------------+----------------+-----
Short Blades   | 2 |  2.7
Shields        | 3 4 |  4.0
Stealth        | 1 2 |  2.8
Fighting       | 3 |  3.5
Armour         | |  2.4

Action                   |  1- 3 |  4- 6 || total
-------------------------+-------+-------++-------
Melee: Rapier            |    90 |   112 ||   202
       Bite              |    25 |    33 ||    58
Armor: Scale mail        |    34 |    43 ||    77
Dodge: Dodged            |    31 |    34 ||    65
Block: Buckler           |    21 |    19 ||    40

Table legend: (Time is in decaauts)
 A = Elapsed time spent in this place.
 B = Non-inter-level travel time spent in this place.
 C = Inter-level travel time spent in this place.
 D = Time resting spent in this place.
 E = Time spent auto-exploring this place.
 F = Levels seen in this place.
 G = Mean time per level.
                   A        B        C        D        E       F      G
               +--------+--------+--------+--------+--------+-----+--------+
         Total |   2202 |   2154 |     48 |    218 |   1473 |   3 |  734.0 |
       Dungeon |   2202 |   2154 |     48 |    218 |   1473 |   3 |  734.0 |
               +--------+--------+--------+--------+--------+-----+--------+

Top non-repeatable levels by time:
     D:1: 1166 daAuts
     D:2: 565 daAuts
     D:3: 470 daAuts
